 Dungeon Crawl Stone Soup version 0.31.0-12-g77e489cdc1 (webtiles) character file.

Game seed: 10045388213997522091

283 Killerpretzel the Changeling (level 6, -7/41 HPs)
             Began as an Octopode Shapeshifter on Mar 2, 2024.
             Mangled by an orc warrior
             ... wielding a +0 scimitar
              (14 damage)
             ... on level 4 of the Dungeon.
             The game lasted 00:01:28 (2651 turns).

Killerpretzel the Changeling (OpSh)                 Turns: 2651, Time: 00:01:29

Health: -7/41      AC:  1    Str: 13    XL:     6   Next: 28%
Magic:  0/6        EV: 14    Int: 12    God:
Gold:   188        SH:  0    Dex: 14    Spells: 5/5 levels left

rFire   . .          .
                       - Unarmed
rCold   . . .        (no shield)
rNeg    . . .        (helmet currently unavailable)
rPois   .            o - amulet of guardian spirit
rElec   .            (no ring)
rCorr   .            (no ring)
SInv    .            (no ring)
Will    .....        (no ring)
Stlth   ++           (no ring)
HPRegen 0.26/turn    (no ring)
MPRegen 0.10/turn    (no ring)
                     (no ring)

%: guardian spirit
@: beast-form
A: beast (slay +2), almost no armour, amphibious, 8 rings, camouflage 1,
gelatinous body 1, (nimble swimmer 1), tentacles
a: Begin Untransformation


You were on level 4 of the Dungeon.
You were a hulking beast.
You visited 1 branch of the dungeon, and saw 4 of its levels.

You collected 188 gold pieces.

Inventory:

Jewellery
 o - an amulet of guardian spirit (around mantle)
Talismans
 b - a beast talisman
 c - a flux talisman
Scrolls
 d - 3 scrolls of amnesia {unknown}
 f - a scroll of teleportation
 h - 2 scrolls of identify
 i - a scroll of vulnerability
 k - a scroll of revelation
Potions
 a - a potion of lignification
 e - 2 potions of haste {unknown}
 g - 4 potions of enlightenment
 j - a potion of magic {unknown}
 l - a potion of resistance {unknown}
 m - 2 potions of brilliance {unknown}


   Skills:
 + Level 2.7 Fighting
 + Level 3.2 Dodging
 + Level 4.0 Unarmed Combat
 * Level 4.6 Shapeshifting


You had 5 spell levels left.
You didn't know any spells.
Your spell library was empty.

Dungeon Overview and Level Annotations

Branches:
Dungeon (4/15)
 Temple: D:4-7

Altars:

Annotations:
D:3 1 runed translucent door, exclusion: door, Crazy Yiuf


Innate Abilities, Weirdness & Mutations

You are a hulking beast.
Your limbs bulge with bestial killing power. (Slay +2)
You cannot wear most types of armour.
You are amphibious.
You can wear up to eight rings at the same time.
Your skin changes colour to match your surroundings (Stealth+).
Your rubbery body absorbs attacks. (AC +1, EV +1)
((You are camouflaged when in or above water. (Stealth+)))
You have tentacles for arms and can constrict up to eight enemies at once.


Message History

You are too injured to fight recklessly!
You are too injured to fight recklessly!
You are too injured to fight recklessly!
You are too injured to fight recklessly!
You are too injured to fight recklessly!
You are too injured to fight recklessly!
You are too injured to fight recklessly!
There are monsters nearby!
You are too injured to fight recklessly!
You are too injured to fight recklessly!
You are too injured to fight recklessly!
You are too injured to fight recklessly!
You are too injured to fight recklessly!
You are too injured to fight recklessly!
You are too injured to fight recklessly!
You are too injured to fight recklessly!
You are too injured to fight recklessly!
You are too injured to fight recklessly!
There are monsters nearby!
You release your grip on the orc warrior.
The orc wizard gestures at you while chanting.
The magic dart hits you!
The orc priest calls upon Beogh to heal the orc warrior.
The orc warrior is healed somewhat.
The orc warrior attacks as it pursues you!
The orc warrior closely misses you.
Things that are here:
a +0 short sword; a stone You tentacle-slap the orc warrior but do no damage.
Your grab misses the orc warrior.
Your tentacle-slap misses the orc warrior.
You squeeze the orc warrior, but do no damage.
The orc warrior is moderately wounded.
The orc warrior hits you with a +0 scimitar!
* * * LOW HITPOINT WARNING * * *
You tentacle-slap the orc warrior. You grab the orc warrior.
The orc warrior is heavily wounded.
You constrict the orc warrior, but do no damage.
The orc warrior hits you with a +0 scimitar!
You die...

#.# #.##########.
#.##.........
#.##.######+##+#
#)##.#..........
#.##.#.##.......
#+######.......#.......
#>............(........
..####h####............
#.#.####o#
########......
.....o.oo#
#.............
#.....$oo#
#.#####.#....#
#........# #.######
#......... #.......
#.#'###.### #....... #
#. #.# ##...... . #.#
##......


You could see an orc warrior, an orc priest, an orc wizard and 2 orcs.

Vanquished Creatures
  A hound (D:4)
  Jessica (D:2)
  2 iguanas (D:4)
  2 orc wizards (D:4)
  6 adders
  2 dart slugs (D:1)
  2 ribbon worms
  4 orcs
  5 bats
  3 endoplasms
  2 giant cockroaches (D:3)
  2 goblins (D:2)
  7 hobgoblins
  5 jackals
  2 quokkas
  7 frilled lizards
  8 kobolds
  2 rats (D:2)
63 creatures vanquished.

Notes
Turn   | Place    | Note
-------+----------+-------------------------------------------
     0 | D:1      | Killerpretzel the Octopode Shapeshifter began the quest for
                  | the Orb.
     0 | D:1      | Reached XP level 1. HP: 13/13 MP: 1/1
   122 | D:1      | Reached XP level 2. HP: 7/18 MP: 2/2
   616 | D:2      | Reached XP level 3. HP: 23/23 MP: 3/3
  1043 | D:2      | Noticed Jessica
  1049 | D:2      | Killed Jessica
  1050 | D:2      | Reached XP level 4. HP: 24/29 MP: 4/4
  1514 | D:3      | Found a runed translucent door.
  1515 | D:3      | Noticed Crazy Yiuf
  2280 | D:4      | Reached XP level 5. HP: 20/34 MP: 3/5
  2588 | D:4      | Reached XP level 6. HP: 37/41 MP: 4/6
  2634 | D:4      | Noticed an orc warrior
  2651 | D:4      | Mangled by an orc warrior

Illustrated notes

Levels and vault maps discovered:
D:1:      onia_arrival_mini_spirals, layout_basic
D:2:      layout_basic, chequers_serial_rivers_micro_b, kennysheep_jessica_study
D:3:      layout_basic, uniq_crazy_yiuf_cottage
D:4:      layout_basic, serial_shops, shop, dk_noncrumbling_3

Skill      XL: |  1  2  3  4  5 |
---------------+----------------+-----
Fighting       | 2 |  2.7
Shapeshifting  | 4 |  4.6
Dodging        | 3 |  3.2
Unarmed Combat | 4 |  4.0

Action                     |  1- 3 |  4- 6 || total
---------------------------+-------+-------++-------
  Melee: Unarmed           |    55 |    77 ||   132
         Constrict         |    13 |    21 ||    34
         Tentacles         |    12 |    23 ||    35
         Punch             |     1 |     4 ||     5
    Use: Scroll            |       |     8 ||     8
   Stab: Sleeping          |     4 |     3 ||     7
 Armour: Skin              |    17 |    26 ||    43
  Dodge: Dodged            |    25 |    51 ||    76
